 Dungeon Crawl Stone Soup version 0.23-a0-389-g4a5eb33 (webtiles) character file.

23 nixmar the Ducker (level 2, -2/22 HPs)
             Began as a Vampire Gladiator on Oct 30, 2018.
             Slain by an adder (3 damage)
             ... on level 2 of the Dungeon.
             The game lasted 00:02:23 (682 turns).

nixmar the Ducker (Vampire Gladiator)                Turns: 682, Time: 00:02:23

Health: -2/22      AC:  5    Str: 13    XL:     2   Next: 72%
Magic:  2/2        EV: 13    Int: 10    God:
Gold:   50         SH:  0    Dex: 15    Spells: 1/1 levels left

rFire    . . .     SeeInvis +   a - +0 long sword
rCold    . . .     Gourm    .   (no shield)
rNeg     + . .     Faith    .   b - +0 leather armour
rPois    .         Spirit   .   c - +1 helmet
rElec    .         Reflect  .   (no cloak)
rCorr    +         Harm     .   (no gloves)
MR       .....                  (no boots)
Stlth    +.........             h - amulet of inaccuracy (curse)
HPRegen  0.07/turn              g - ring of resist corrosion
MPRegen  0.08/turn              (no ring)

@: lethally poisoned (-2 -> -6), very slow
A: fangs 3, see invisible, unbreathing
a: no special abilities


You were on level 2 of the Dungeon.
You were not thirsty.

You visited 1 branch of the dungeon, and saw 2 of its levels.

You collected 50 gold pieces.

Inventory:

Hand Weapons
 a - a +0 long sword (weapon)
Missiles
 i - 2 needles of sleeping
 Z - 3 throwing nets (quivered) {!d , @Q1}
Armour
 b - a +0 leather armour (worn)
 c - a +1 helmet (worn)
Jewellery
 g - a ring of resist corrosion (left hand)
 h - a cursed amulet of inaccuracy (around neck)
Scrolls
 f - a scroll of fog
Potions
 d - a potion of haste {unknown}
 e - a potion of brilliance {unknown}
 q - a potion of blood {@q7}


   Skills:
 - Level 1.7 Fighting
 + Level 3.5 Long Blades
 - Level 1.5 Throwing
 + Level 3.9 Dodging


You had one spell level left.
You didn't know any spells.
Your spell library was empty.

Dungeon Overview and Level Annotations

Branches:
Dungeon (2/15)

Altars:


Innate Abilities, Weirdness & Mutations

You have razor-sharp teeth.
You have supernaturally acute eyesight. (SInv)
You can survive without breathing.


Message History

The frilled lizard closely misses you.
You riposte.
You miss the frilled lizard. The bat closely misses you.
You riposte.
You hit the bat but do no damage. You bite the bat.
You kill the bat!
The frilled lizard completely misses you.
* * * LOW HITPOINT WARNING * * *
You feel sick.
The kobold throws a stone.
The stone closely misses you.
You see here a stone.
The adder barely misses you.
* * * LOW HITPOINT WARNING * * *
You feel sick. The adder bites you but does no damage.
You see here 2 scrolls labeled BIYCOIMARCH.
* * * LOW HITPOINT WARNING * * *
You feel sick.
You enter the shallow water.
Moving in this stuff is going to be slow.
The adder bites you.
You die...

##### ###...####
#≈≈@≈≈≈≈≈#
####S..####
###..#K.###
....#.K..# #
#(.#l##.#.#
#..#......#
#####...(..####
#..........####.
.####.........?


You could see an adder, 2 kobolds and a frilled lizard.

Vanquished Creatures
  A worm (D:2)
  A leopard gecko (D:1)
  3 bats
  3 goblins (D:1)
  A hobgoblin (D:1)
  2 jackals (D:1)
  A frilled lizard (D:1)
  3 kobolds (D:1)
  4 rats (D:1)
19 creatures vanquished.

Notes
Turn   | Place    | Note
-------+----------+-------------------------------------------
     0 | D:1      | nixmar the Vampire Gladiator began the quest for the Orb.
     0 | D:1      | Reached XP level 1. HP: 16/16 MP: 1/1
   173 | D:1      | Reached XP level 2. HP: 22/22 MP: 2/2
   681 | D:2      | HP: 1/22 [poisoned by an adder]
   682 | D:2      | Slain by an adder

Vault maps used:
D:1:      kennysheep_arrival_forest, minivault_4
D:2:      serial_rivers, chequers_serial_rivers_micro_e,
          chequers_serial_rivers_small_3, chequers_serial_rivers_large_a,
          chequers_serial_rivers_small_3, chequers_serial_rivers_micro_a,
          chequers_ecumenical_altar_grove, uniq_terence

Action                   || total
-------------------------++-------
Melee: Long sword        ||    46
       Bite              ||     6
  Use: Scroll            ||     3
Armor: Leather armour    ||    24
Dodge: Dodged            ||    59
       Rpst.: Long sword ||    23

Table legend:
 A = Non-vault XP
 B = Vault XP
 C = Vault XP percentage of total XP
 D = Non-vault monster count
 E = Vault monster count
 F = Vault count percentage of total count
                 A         B        C        D         E       F
            +---------+---------+-------+---------+---------+-------
      Total |      33 |       0 |   0.0 |      19 |       0 |   0.0
            +---------+---------+-------+---------+---------+-------
        D:1 |      26 |       0 |   0.0 |      17 |       0 |   0.0
        D:2 |       7 |       0 |   0.0 |       2 |       0 |   0.0
            +---------+---------+-------+---------+---------+-------
